 Dungeon Crawl Stone Soup version 0.17.1-3-g152610e (webtiles) character file.

15057 juanjsm the Unseen (level 11, -2/50 HPs)
             Began as a Spriggan Enchanter on Mar 15, 2016.
             Was a Believer of Ashenzari.
             Slain by a spiny frog (24 damage)
             ... on level 3 of the Lair of Beasts.
             The game lasted 01:50:12 (10502 turns).

juanjsm the Unseen (Spriggan Enchanter)            Turns: 10502, Time: 01:50:12

Health: -2/50      AC:  4    Str:  7    XL:     11   Next: 96%
Magic:  8/26       EV: 25    Int: 17    God:    Ashenzari [**....]
Gold:   588        SH:  0    Dex: 17    Spells: 9 memorised, 8 levels left

rFire  + . .     SeeInvis +     n - +2 dagger (flame) (curse)
rCold  . . .     Clarity  .     b - +2 robe (curse)
rNeg   + . .     SustAt   .     (shield restricted)
rPois  .         Gourm    .     (helmet restricted)
rElec  .         Spirit   .     (no cloak)
rCorr  .         Warding  .     (gloves unavailable)
rMut   .         Stasis   .     (boots unavailable)
MR     +....                    s - amulet of rage (curse)
Stlth  ++++++++..               Y - ring of protection from fire (curse)
                                Q - ring of positive energy (curse)

@: lethally poisoned (-2 -> -14), very slightly contaminated, very quick,
somewhat resistant to hostile enchantments, extraordinarily stealthy
A: unfitting armour, see invisible, herbivore 3, speed 3, slow metabolism 2
a: Scrying, Renounce Religion, Evoke Berserk Rage


You were on level 3 of the Lair of Beasts.
You worshipped Ashenzari.
Ashenzari was pleased with you.
You were full.

You visited 3 branches of the dungeon, and saw 12 of its levels.
You also visited: Labyrinth and Volcano.

You collected 880 gold pieces.
You spent 292 gold pieces at shops.

Inventory:

Hand Weapons
 h - a +3 war axe of venom
 j - a +0 short sword of holy wrath
 n - a cursed +2 dagger of flaming (weapon)
 t - a +4 greatsling of flaming
 O - the +11 spear "Cano" {drain, rPois Int+3 Dex-5}
   (You found it on level 2 of the Lair of Beasts)

   A truly terrible weapon, it drains the life of those it strikes.
   It affects your intelligence (+3).
   It affects your dexterity (-5).
   It protects you from poison.
Missiles
 u - 59 poisoned needles
Armour
 b - a cursed +2 robe (worn)
Magical Staves
 w - an uncursed staff of power
Jewellery
 s - a cursed amulet of rage (around neck)
 Q - a cursed ring of positive energy (left hand)
 S - a +3 ring of intelligence
 U - an uncursed ring of wizardry
 Y - a cursed ring of protection from fire (right hand)
Wands
 e - a wand of slowing (27)
 i - a wand of lightning (5)
 p - a wand of draining (4)
 r - a wand of digging (19)
 y - a wand of flame (36)
 C - a wand of lightning (10)
 G - a wand of disintegration (7)
 P - a wand of fireball (6)
 R - a wand of frost (35)
 T - a wand of paralysis (9)
 V - a wand of confusion (32)
Scrolls
 f - a scroll of enchant armour
 k - 4 scrolls of curse armour
 l - a scroll of immolation
 o - 2 scrolls of fear
 x - a scroll of fog
 D - 3 scrolls of curse weapon
 H - a scroll of remove curse
 W - a scroll of teleportation
Potions
 a - 2 potions of flight
 g - a potion of heal wounds
 m - 5 potions of curing
 q - 2 potions of berserk rage
 v - 3 potions of lignification
 z - a potion of brilliance
 A - a potion of haste {unknown}
 B - 2 potions of resistance
 E - a potion of invisibility
 F - a potion of mutation
Books
 L - a book of Flames

   Spells                             Type                      Level
   a - Flame Tongue                   Conjuration/Fire             1
   b - Throw Flame                    Conjuration/Fire             2
   c - Conjure Flame                  Conjuration/Fire             3
   d - Inner Flame                    Hexes/Fire                   3
   e - Sticky Flame                   Conjuration/Fire             4
   f - Fireball                       Conjuration/Fire             5
 N - a book of Clouds

   Spells                             Type                      Level
   a - Mephitic Cloud                 Conjuration/Poison/Air       3
   b - Conjure Flame                  Conjuration/Fire             3
   c - Poisonous Cloud                Conjuration/Poison/Air       6
   d - Freezing Cloud                 Conjuration/Ice/Air          6
   e - Ring of Flames                 Charms/Fire                  7
 X - a Necronomicon

   Spells                             Type                      Level
   a - Haunt                          Necromancy/Summoning         7
   b - Borgnjor's Revivification      Necromancy                   8
   c - Death's Door                   Charms/Necromancy            8
   d - Necromutation                  Transmutation/Necromancy     8
Miscellaneous
 J - a lamp of fire
Comestibles
 d - 3 bread rations


   Skills:
 + Level 1.7 Fighting
 * Level 7.7(10.1) Short Blades
 * Level 9.9 Dodging
 * Level 16.7 Stealth
 * Level 10.8 Spellcasting
 + Level 0.2(0.8) Conjurations
 * Level 10.6(12.7) Hexes
 + Level 0.4(1.3) Fire Magic
 - Level 2.0(3.8) Ice Magic


You had 8 spell levels left.
You knew the following spells:

 Your Spells              Type           Power        Failure   Level  Hunger
a - Corona                Hex            ######.      1%          1    None
b - Ensorcelled Hibernat  Hex/Ice        #####.       1%          2    None
c - Confuse               Hex            ######..     1%          3    None
d - Dazzling Spray        Conj/Hex       ####....     1%          3    None
e - Tukima's Dance        Hex            ######..     1%          3    None
f - Mephitic Cloud        Conj/Pois/Air  ##......     21%         3    None
g - Conjure Flame         Conj/Fire      ##......     17%         3    None
h - Throw Flame           Conj/Fire      ##....       10%         2    None
i - Inner Flame           Hex/Fire       ####....     1%          3    None


Dungeon Overview and Level Annotations

Branches:
Dungeon (8/15)             Temple (1/1) D:5            Lair (3/8) D:8
  Swamp: Lair:3-6    Shoals: Lair:3-6     Snake: Lair:3-6    Spider: Lair:3-6

Altars:
Ashenzari
Cheibriados
Dithmenos
Elyvilon
Fedhas
Gozag
Kikubaaqudgha
Makhleb
Nemelex Xobeh
Okawaru
Qazlal
Ru
Sif Muna
Trog
Vehumet
Xom
Yredelemnul
Zin
The Shining One

Shops:
D:6 !

Annotations:
D:2 Sigmund


Innate Abilities, Weirdness & Mutations

You are tiny and cannot use many weapons and most armour.
You have supernaturally acute eyesight.
You are a herbivore.
You cover ground extremely quickly.
You need consume almost no food.


Message History

Sparks fly from your hands!
You hit the spiny frog but do no damage.
You hit the spiny frog but do no damage.
The spiny frog stings you!!
You are poisoned.
The spiny frog poisons you!
Casting: Throw Flame
Confirm with . or Enter, or press ? or * to list all spells.
Aiming: Ensorcelled Hibernation
Press: ? - help, Shift-Dir - straight line, f/p - spiny frog
Aim: a spiny frog (chance to defeat MR: 65%)
The spiny frog resists with significant effort.
You feel sick. The spiny frog stings you!
* * * LOW HITPOINT WARNING * * *
* * * LOW HITPOINT WARNING * * *
You feel sick.
Found 27 stones.
Drink which item? (? for menu, Esc to quit)
You feel much better.
You feel sick. The spiny frog stings you!!
You die...

#.............#.....###...##.....
#.#.#.#.†....####.......8.#......
<......†.....# ####.....+#......
#.#.#.#.#P..## #...).........
.l......#...#### ##............
#.#.#.###......#### ####.........
,......#..........#### ####......
#.#.#.#.......:.....P# #.#....
....#..........F@....#* ###....
......................# #....
...##..................# ####.
.## ##.................# ##
#.?................. #
#................... ##
........)........... * #. ,
...(........... * #. , , , , #.#


You could see a spiny frog.

Vanquished Creatures
  A hydra (Lair:2)
  A minotaur (Lab)
  A hill giant (D:8)
  A lindwurm (Volcano)
  4 gargoyles (Volcano)
  A torpor snail (Lair:3)
  2 spiny frogs
  A black mamba (Lair:1)
  3 komodo dragons
  4 polar bears (Lair:1)
  2 fire drakes
  A minotaur skeleton (Lab)
  A fire elemental (Volcano)
  5 hungry ghosts (Lab)
  18 yaks
  2 basilisks
  A hippogriff (Lair:3)
  Menkaure (D:7)
  Edmund (D:5)
  3 water moccasins
  A sky beast (D:8)
  A porcupine (Lair:2)
  2 ice beasts
  3 ogres
  2 phantoms
  6 black bears
  4 centaurs
  A big kobold (D:8)
  4 giant frogs
  8 crocodiles
  2 scorpions
  4 wights (D:6)
  2 troll skeletons (Lab)
  A spriggan skeleton (Lab)
  2 crimson imps
  A giant frog zombie (D:8)
  3 hounds
  3 jellies
  4 iguanas
  2 centaur skeletons
  Ijyb (D:2)
  4 orc wizards
  3 worker ants
  8 adders
  3 gnolls (D:5)
  15 river rats
  A shadow imp (D:5)
  An ooze (D:2)
  2 adder zombies
  4 worms
  3 giant geckos
  17 orcs
  7 bats
  13 hobgoblins
  16 jackals
  12 kobolds
  6 giant cockroaches
  A giant cockroach zombie (D:6)
  3 giant newts
  4 goblins
  6 quokkas
  A quokka zombie (D:5)
  6 rats
247 creatures vanquished.

Notes
Turn   | Place    | Note
--------------------------------------------------------------
     0 | D:1      | juanjsm the Spriggan Enchanter began the quest for the Orb.
     0 | D:1      | Reached XP level 1. HP: 9/9 MP: 5/5
   277 | D:1      | Reached XP level 2. HP: 4/13 MP: 4/6
   281 | D:1      | Learned a level 2 spell: Ensorcelled Hibernation
   851 | D:1      | Found a sparkling altar of Nemelex Xobeh.
   953 | D:1      | Reached XP level 3. HP: 9/16 MP: 0/8
  1032 | D:1      | Learned a level 3 spell: Confuse
  1123 | D:2      | Reached skill level 5 in Stealth
  1249 | D:2      | Noticed Sigmund
  1467 | D:2      | Reached XP level 4. HP: 17/21 MP: 4/9
  1682 | D:2      | Noticed Ijyb
  1685 | D:2      | Killed Ijyb
  1798 | D:3      | Learned a level 3 spell: Dazzling Spray
  1883 | D:3      | Reached XP level 5. HP: 25/25 MP: 8/10
  2027 | D:3      | Reached skill level 6 in Stealth
  2446 | D:4      | Found a blossoming altar of Fedhas.
  2447 | D:4      | Found a snail-covered altar of Cheibriados.
  2813 | D:4      | Found a white marble altar of Elyvilon.
  2823 | D:4      | Reached skill level 7 in Stealth
  2823 | D:4      | Reached XP level 6. HP: 12/29 MP: 5/12
  3047 | D:5      | Entered Level 5 of the Dungeon
  3313 | D:5      | Found a staircase to the Ecumenical Temple.
  3323 | Temple   | Entered the Ecumenical Temple
  3385 | Temple   | Became a worshipper of Ashenzari the Shackled
  3405 | Temple   | Learned a level 3 spell: Tukima's Dance
  3572 | D:5      | Noticed Edmund
  3911 | D:5      | Killed Edmund
  3911 | D:5      | Reached skill level 5 in Dodging
  3911 | D:5      | Reached skill level 8 in Stealth
  3911 | D:5      | Reached skill level 5 in Hexes
  3911 | D:5      | Reached skill level 1 in Ice Magic
  3911 | D:5      | Reached XP level 7. HP: 32/32 MP: 3/14
  4048 | D:6      | Found a sparkling altar of Nemelex Xobeh.
  4175 | D:6      | Found Zeawacleumm's Distillery.
  4319 | D:6      | Bought a potion of lignification for 45 gold pieces
  4319 | D:6      | Bought a potion of invisibility for 120 gold pieces
  4319 | D:6      | Bought a potion of curing for 45 gold pieces
  4319 | D:6      | Bought a potion of lignification for 45 gold pieces
  4319 | D:6      | Bought a potion of mutation for 37 gold pieces
  4614 | D:6      | Reached skill level 9 in Stealth
  4843 | D:6      | Reached XP level 8. HP: 37/37 MP: 9/16
  4868 | D:6      | Reached skill level 5 in Spellcasting
  5039 | D:6      | Reached skill level 10 in Stealth
  5440 | D:7      | Found an opulent altar of Gozag.
  5441 | D:7      | Found a radiant altar of Vehumet.
  5524 | D:7      | Noticed Menkaure
  5531 | D:7      | Killed Menkaure
  5751 | D:7      | Reached XP level 9. HP: 40/40 MP: 10/19
  5823 | D:8      | Noticed a hill giant
  5824 | D:8      | Killed a hill giant
  5824 | D:8      | Reached skill level 11 in Stealth
  5923 | D:8      | Found a staircase to the Lair.
  6122 | D:8      | Reached * piety under Ashenzari
  6169 | D:8      | Reached skill level 1 in Fighting
  6439 | D:8      | Reached skill level 5 in Short Blades
  6561 | D:8      | Learned a level 3 spell: Mephitic Cloud
  6670 | D:8      | Found a deep blue altar of Sif Muna.
  6747 | D:8      | Reached skill level 12 in Stealth
  6839 | Lair:1   | Entered Level 1 of the Lair of Beasts
  6888 | Lair:1   | Noticed a komodo dragon
  6985 | Lair:1   | Found a dark tunnel.
  6985 | Lair:1   | Noticed a fire drake
  6987 | Lair:1   | Killed a fire drake
  6992 | Volcano  | Entered a volcano
  7010 | Volcano  | Noticed a gargoyle
  7010 | Volcano  | Noticed a gargoyle
  7013 | Volcano  | Killed a gargoyle
  7013 | Volcano  | Reached XP level 10. HP: 45/45 MP: 22/22
  7015 | Volcano  | Killed a gargoyle
  7015 | Volcano  | Reached skill level 13 in Stealth
  7023 | Volcano  | Noticed a lindwurm
  7034 | Volcano  | Killed a lindwurm
  7288 | Volcano  | Noticed a gargoyle
  7288 | Volcano  | Noticed a gargoyle
  7293 | Volcano  | Killed a gargoyle
  7303 | Volcano  | Killed a gargoyle
  7573 | Lair:1   | Killed a komodo dragon
  7573 | Lair:1   | Reached skill level 14 in Stealth
  7588 | Lair:1   | Noticed a black mamba
  7695 | Lair:1   | Killed a black mamba
  7844 | Lair:1   | Reached XP level 11. HP: 49/49 MP: 25/25
  7849 | Lair:1   | Learned a level 3 spell: Conjure Flame
  8046 | Lair:2   | Reached skill level 15 in Stealth
  8231 | Lair:2   | Reached skill level 10 in Hexes
  8232 | Lair:2   | HP: 2/49 [yak (10)]
  8247 | Lair:2   | Learned a level 2 spell: Throw Flame
  8304 | Lair:2   | Reached ** piety under Ashenzari
  8304 | Lair:2   | Found a labyrinth entrance.
  8305 | Lair:2   | Identified the +11 spear "Cano" {drain, rPois Int+3 Dex-5}
  8405 | Lab      | Entered a labyrinth
  9129 | Lab      | Noticed a minotaur
  9140 | Lab      | Killed a minotaur
  9140 | Lab      | Reached skill level 10 in Spellcasting
  9152 | Lab      | Learned a level 3 spell: Inner Flame
  9278 | Lair:2   | Reached skill level 16 in Stealth
  9362 | Lair:2   | Noticed an eight-headed hydra
  9423 | Lair:2   | Killed an eight-headed hydra
 10502 | Lair:3   | Slain by a spiny frog

Action                   |  1- 3 |  4- 6 |  7- 9 | 10-12 || total
-------------------------+-------+-------+-------+-------++-------
Melee: Dagger            |   131 |   101 |   275 |   144 ||   651
 Cast: Corona            |     6 |       |     2 |       ||     8
       Ensorcelled Hiber |    16 |    33 |    63 |    64 ||   176
       Confuse           |     3 |     8 |    17 |    18 ||    46
       Dazzling Spray    |       |       |     1 |     2 ||     3
       Throw Flame       |       |       |       |    21 ||    21
       Mephitic Cloud    |       |       |       |     2 ||     2
Invok: Scrying           |       |       |       |     6 ||     6
Evoke: Wand              |       |       |       |     6 ||     6
  Use: Scroll            |       |     7 |    13 |     9 ||    29
       Potion            |       |       |       |     5 ||     5
 Stab: Sleeping          |    20 |    30 |    43 |    65 ||   158
       Confused          |     1 |     2 |    10 |    11 ||    24
       Distracted        |     1 |       |     1 |     1 ||     3
       Invisible         |       |       |       |     1 ||     1
  Eat: Fruit             |       |     4 |     5 |     3 ||    12
       Bread ration      |       |       |       |     1 ||     1
